AoeStats
← WonderbraM

Socotra

506704864Analyzed
3v3 RM · 17d ago on Sep 14, 2026· 44m 41s· 6 players
Game mode
Random Map
Map size
128×128
Population
200
Speed
Normal
Resources
Standard
Victory
Conquest
Starting age
Dark Age
Ending age
Imperial Age
RankedLock teamsTeams togetherTeam positionsShared explorationLock speedFull tech treeHidden civsTurbo modeCheats
Victory
Defeat
🇳🇱 Magyars · Netherlands
815
+14
🇪🇸 Ethiopians · Spain
806
+14
🇩🇪 Inca · Germany
795
+14
🇧🇪 Italians · Belgium
789
-15
🇧🇪 Celts · Belgium
767
-14
🇧🇪 Huns · Belgium
736
-13
S3r!ousLE3
1:42 Loom
2:44 Loom
10:47 Feudal Age
11:37 Town Watch
11:51 Horse Collar
12:03 Double-Bit Axe
15:37 Scale Mail Armor
16:43 Fletching
18:14 Gold Mining
21:06 Padded Archer Armor
26:08 Castle Age
24:23 Forging
27:33 Heavy Plow
27:44 Bow Saw
28:15 Wheelbarrow
27:55 Crossbowman
29:30 Bodkin Arrow
33:25 Thumb Ring
33:45 Ballistics
33:50 Treadmill Crane
34:36 Leather Archer Armor
34:39 Chain Mail Armor
35:29 Murder Holes
38:16 Imperial Age
37:37 Masonry
38:24 Squires
37:45 Champi Runner
38:11 Arson
39:25 Conscription
39:15 Bracer
38:43 Arbalester
40:32 Chemistry
41:10 Ring Archer Armor
42:21 Champi Warrior
43:34 Plate Mail Armor
43:53 Fabric Shields
44:33 Iron Casting
44:05 Elite Champi Warrior
Aztes
10:05 Feudal Age
9:43 Loom
11:12 Double-Bit Axe
13:03 Man-at-Arms
23:09 Bloodlines
27:57 Castle Age
27:34 Wheelbarrow
26:44 Town Watch
28:45 Horse Collar
29:18 Bow Saw
29:22 Gold Mining
29:23 Stone Mining
37:06 Hand Cart
36:52 Town Patrol
37:39 Scale Barding Armor
37:34 Padded Archer Armor
39:07 Chain Barding Armor
39:34 Gold Shaft Mining
39:42 Corvinian Army
42:48 Leather Archer Armor
47:33 Imperial Age
aitorpevi
7:56 Loom
12:51 Feudal Age
17:14 Double-Bit Axe
22:06 Castle Age
20:26 Gold Mining
20:42 Fletching
20:54 Padded Archer Armor
23:03 Scale Mail Armor
23:20 Squires
27:21 Husbandry
28:31 Crossbowman
30:57 Bow Saw
31:49 Bodkin Arrow
33:45 Wheelbarrow
32:56 Town Watch
34:05 Thumb Ring
38:50 Ballistics
39:39 Chain Mail Armor
39:35 Forging
41:06 Leather Archer Armor
44:15 Imperial Age
Amoe(BE)
12:32 Feudal Age
13:16 Double-Bit Axe
16:41 Man-at-Arms
18:51 Fletching
20:40 Scale Barding Armor
21:16 Bloodlines
23:02 Scale Mail Armor
27:56 Forging
27:44 Horse Collar
31:24 Castle Age
31:27 Light Cavalry
32:11 Husbandry
36:12 Town Watch
36:36 Marauders
WonderbraM
0:29 Loom
13:01 Feudal Age
14:42 Wheelbarrow
14:09 Double-Bit Axe
15:43 Horse Collar
18:44 Fletching
19:23 Town Watch
23:54 Forging
28:53 Castle Age
28:02 Padded Archer Armor
28:12 Forging
29:14 Stone Mining
29:15 Gold Mining
32:32 Hand Cart
34:17 Elite Skirmisher
35:13 Pikeman
37:41 Bow Saw
38:12 Heavy Plow
39:26 Silk Road
43:53 Imperial Age
42:04 Leather Archer Armor
42:25 Iron Casting
42:43 Ballistics
MrSummertime
12:03 Feudal Age
12:42 Horse Collar
12:51 Double-Bit Axe
13:07 Loom
14:44 Wheelbarrow
14:25 Man-at-Arms
15:22 Forging
15:10 Arson
34:12 Castle Age
41:37 Fletching
Connection lost

Rejoining the realm…

Still unreachable

The connection could not be restored.

Session expired

The server has moved on; the page needs a fresh start.